 Dungeon Crawl Stone Soup version 0.31.0-9-g3a7656b989 (webtiles) character file.

Game seed: 9280542288209426796

9988 jpg77071 the Cleaver (level 11, -14/99 HPs)
             Began as a Hill Orc Monk on Jan 24, 2024.
             Was a Priest of Beogh.
             Shot with a bolt by Saint Roka (18 damage)
             ... on level 2 of the Orcish Mines.
             The game lasted 00:32:00 (10051 turns).

jpg77071 the Cleaver (Hill Orc Monk)               Turns: 10051, Time: 00:32:00

Health: -14/99     AC: 21    Str: 25    XL:     11   Next: 55%
Magic:  14/17      EV: 12    Int: 10    God:    Beogh [***...]
Gold:   1738       SH:  0    Dex: 13    Spells: 10/10 levels left

rFire   . . .        E - +3 hand axe (heavy)
rCold   . . .        d - orb {light}
rNeg    . . .        x - +6 scale mail of Failure {rElec}
rPois   .            K - +0 helmet
rElec   +            v - +1 cloak
rCorr   .            u - +1 pair of gloves
SInv    .            (no boots)
Will    .....        l - amulet of faith
Stlth   +            j - +4 ring of slaying
HPRegen 0.36/turn    M - +6 ring of strength
MPRegen 0.15/turn

%: faith
@: glowing, studying Short Blades
A: high MP 2, sense surroundings 1, MP-powered wands
a: Renounce Religion, Smiting


You were on level 2 of the Orcish Mines.
You worshipped Beogh.
Beogh was most pleased with you.
You visited 3 branches of the dungeon, and saw 12 of its levels.
You also visited: Sewer.

You collected 1738 gold pieces.

Inventory:

Hand Weapons
 a - a +0 hand axe of protection
 w - a +3 mace
 z - a +3 hand axe
 B - a +2 great sword of flaming
 E - a +3 heavy hand axe (weapon)
 F - a +1 great sword of holy wrath
 L - a +3 quarterstaff of chaos
Armour
 b - a +0 robe
 d - an orb of light (worn)
 h - a +0 ring mail
 n - a +0 plate armour
 u - a +1 pair of gloves (worn)
 v - a +1 cloak (worn)
 x - the +6 scale mail of Failure (worn) {rElec}
   (You found it on level 8 of the Dungeon)

   rElec:     It insulates you from electricity.
 G - a +1 robe of positive energy
 K - a +0 helmet (worn)
Jewellery
 j - a +4 ring of slaying (left hand)
 k - a ring of protection from cold
 l - an amulet of faith (around neck)
 o - a ring of protection from fire
 p - a ring of ice
 M - a +6 ring of strength (right hand)
Wands
 y - a wand of charming (3)
 C - a wand of iceblast (9)
Scrolls
 e - 3 scrolls of revelation
 f - 3 scrolls of teleportation
 i - a scroll of butterflies {unknown}
 m - 2 scrolls of blinking
 s - 10 scrolls of identify
 H - a scroll of fog
 I - 3 scrolls of poison
 J - a scroll of vulnerability {unknown}
 N - a scroll of enchant weapon
Potions
 c - a potion of ambrosia
 g - 2 potions of curing
 q - a potion of lignification
 r - 2 potions of haste
 t - a potion of attraction
 A - a potion of enlightenment
 D - a potion of brilliance


   Skills:
 + Level 10.0 Fighting
 + Level 14.9 Axes
 + Level 10.4 Armour
 + Level 4.4 Dodging
 + Level 2.5 Stealth
 + Level 4.4 Invocations


You had 10 spell levels left.
You didn't know any spells.
Your spell library contained the following spells:

 Spells                   Type           Power      Damage    Failure   Level
 Magic Dart               Conj           0%         1d3       58%         1
 Searing Ray              Conj           0%         2d4       75%         2
 Fulminant Prism          Conj/Alch      0%         3d5       100%        4


Dungeon Overview and Level Annotations

Branches:
Dungeon (9/15)             Temple (1/1) D:7             Orc (2/2) D:9
    Elf (0/3) Orc:2         Sewer (visited)
   Lair: D:8-11

Altars:
Ashenzari
Cheibriados
Dithmenos
Elyvilon
Fedhas
Gozag
Hepliaklqana
Kikubaaqudgha
Makhleb
Nemelex Xobeh
Okawaru
Qazlal
Ru
Sif Muna
Trog
Uskayaw
Wu Jian
Xom
Yredelemnul
Zin
The Shining One

Shops:
D:8 [

Annotations:
Orc:2 Saint Roka


Innate Abilities, Weirdness & Mutations

You have a considerably increased reservoir of magic. (+20% MP)
You passively map a small area around you.
You expend magic power (3 MP) to strengthen your wands.


Message History

The orc warrior goes into a battle-frenzy!
You feel better. The orc warrior barely misses you.
Your orc wizard hits the orc warrior but does no damage.
Your orc warrior hits the orc warrior from afar with a +0 halberd!
The orc warrior dies!
Beogh accepts your kill.
You hear a shout! x2
You feel better.
An orc comes into view. It is wielding a +0 flail of draining.
Saint Roka the Messiah comes into view.
They are wielding a +3 halberd of venom.
Found an escape hatch in the ceiling.
Your orc warrior hits the warg with a +0 halberd!!
Saint Roka mumbles some strange prayers to Beogh against you.
Beogh smites you!
* * * LOW HITPOINT WARNING * * *
Found 28 gold pieces.
The warg bites you but does no damage.
An orc warrior comes into view. It is wielding a +0 battleaxe.
Your orc wizard gestures at the warg while chanting.
The magic dart hits the warg but does no damage.
Your orc warrior hits the warg with a +0 halberd!
The warg dies!
Beogh accepts your kill.
Your orc warrior looks more experienced.
Saint Roka calls down the wrath of Beogh upon you.
Beogh smites you!
* * * LOW HITPOINT WARNING * * *
Aiming: Smiting
Press: ? - help, Dir - move target, f - Saint Roka Smite: Saint Roka, wielding a +3 halberd of venom and wearing a +0 chain mail You smite Saint Roka!!
Saint Roka is lightly wounded.
Your orc wizard gestures at the orc while chanting.
The orc struggles to resist.
Saint Roka unwields a +3 halberd of venom.
It stops dripping with poison.
Saint Roka wields a +1 arbalest of freezing.
It is covered in frost.
Saint Roka shoots a bolt.
The bolt hits you!!
You die...
Saint Roka roars, "Praise to Beogh!"
Beogh appreciates Saint Roka's killing of a heretic priest.

, , ,,
..............#. ,
.................#..
,
,.............)......
,
,......#........#....
,..........#.).#.#<..
,
.........#..........
..........))........
........))).@....#
........†.)†o.......
,
,............o....>..
,
.....)..........$...
,, *
..............o.....
, *
..................o$
,
............#....o<.
, ,,
............##......
, ............#*#...


You could see Saint Roka (ally target), an orc warrior (strong), an orc (strong,
ally target), a friendly orc knight and a friendly orc wizard (invisible).

Vanquished Creatures
  A two-headed ogre (D:8)
  An orc knight (Orc:1)
  An orc sorcerer (Orc:1)
  A hornet (D:7)
  2 humans (D:7)
  6 wargs
  4 yaks (D:8)
  A wyvern (D:9)
  Menkaure (D:7)
  A steam dragon (D:9)
  2 acid dragons (D:9)
  3 water moccasins
  An ice beast (D:7)
  4 orc warriors
  A sky beast (D:7)
  6 ogres
  3 black bears (D:8)
  2 centaurs
  2 wolves (D:9)
  A kobold brigand (D:6)
  A gnoll sergeant (D:9)
  2 scorpions
  5 bullfrogs
  14 wights
  6 bombardier beetles
  4 hounds (D:5)
  2 jellies (D:5)
  3 orc priests (Orc:1)
  Crazy Yiuf (D:7)
  A sleepcap (D:7)
  3 iguanas (D:5)
  6 orc wizards
  15 adders
  8 gnolls
  A shadow imp (D:5)
  A white imp (D:7)
  2 ufetubi (D:7)
  A ribbon worm (D:3)
  5 dart slugs (Sewer)
  34 orcs
  14 ball pythons
  6 bats
  10 endoplasms
  14 giant cockroaches
  8 goblins
  4 hobgoblins
  8 jackals
  2 quokkas
  12 frilled lizards
  8 kobolds
  5 rats
250 creatures vanquished.

Vanquished Creatures (collateral kills)
  Jorgrun (Orc:2)
  Erolcha (Orc:2)
  2 wargs (Orc:2)
  2 orc warriors
  2 ogres (Orc:2)
  An orc wizard (Orc:2)
9 creatures vanquished.

Vanquished Creatures (others)
  2 orc warriors
  8 orcs
10 creatures vanquished.

Grand Total: 269 creatures vanquished

Notes
Turn   | Place    | Note
-------+----------+-------------------------------------------
     0 | D:1      | jpg77071 the Hill Orc Monk began the quest for the Orb.
     0 | D:1      | Reached XP level 1. HP: 19/19 MP: 1/1
   154 | D:1      | Reached XP level 2. HP: 24/27 MP: 2/2
   238 | D:1      | Reached XP level 3. HP: 31/33 MP: 3/3
   314 | D:1      | You fall into a shaft and drop 1 floor!
   396 | D:2      | Reached skill level 5 in Axes
   843 | D:2      | Found a faded altar of an unknown god.
  1191 | D:2      | Gained mutation: Your magical capacity is low. (-10% MP)
                  | [potion of mutation]
  1191 | D:2      | Gained mutation: Your magical capacity is very low. (-20%
                  | MP) [potion of mutation]
  1191 | D:2      | Gained mutation: You are frail. (-10% HP) [potion of
                  | mutation]
  1191 | D:2      | Gained mutation: You passively map a small area around you.
                  | [potion of mutation]
  1192 | D:2      | Lost mutation: Your magical capacity is very low. (-20% MP)
                  | [potion of mutation]
  1192 | D:2      | Lost mutation: You are frail. (-10% HP) [potion of
                  | mutation]
  1192 | D:2      | Lost mutation: You passively map a small area around you.
                  | [potion of mutation]
  1192 | D:2      | Lost mutation: Your magical capacity is low. (-10% MP)
                  | [potion of mutation]
  1192 | D:2      | Gained mutation: You are agile. (Dex +4, Str/Int -1)
                  | [potion of mutation]
  1192 | D:2      | Lost mutation: You are agile. (Dex +4, Str/Int -1) [potion
                  | of mutation]
  1192 | D:2      | Gained mutation: You are somewhat resistant to further
                  | mutation. [potion of mutation]
  1249 | D:3      | Reached skill level 1 in Armour
  1249 | D:3      | Reached XP level 4. HP: 40/40 MP: 4/4
  1335 | D:3      | Lost mutation: You are somewhat resistant to further
                  | mutation. [potion of mutation]
  1335 | D:3      | Gained mutation: Potions are less effective at restoring
                  | your health. [potion of mutation]
  1335 | D:3      | Gained mutation: You are agile. (Dex +4, Str/Int -1)
                  | [potion of mutation]
  1335 | D:3      | Gained mutation: You have hidden genetic potential. [potion
                  | of mutation]
  1335 | D:3      | Gained mutation: Your movements are slightly less
                  | encumbered by armour. (ER -2) [potion of mutation]
  1336 | D:3      | Lost mutation: You have hidden genetic potential. [potion
                  | of mutation]
  1336 | D:3      | Lost mutation: You are agile. (Dex +4, Str/Int -1) [potion
                  | of mutation]
  1336 | D:3      | Lost mutation: Your movements are slightly less encumbered
                  | by armour. (ER -2) [potion of mutation]
  1336 | D:3      | Gained mutation: You have an increased reservoir of magic.
                  | (+10% MP) [potion of mutation]
  1336 | D:3      | Gained mutation: You are agile. (Dex +4, Str/Int -1)
                  | [potion of mutation]
  1336 | D:3      | Gained mutation: You have a considerably increased
                  | reservoir of magic. (+20% MP) [potion of mutation]
  2070 | D:3      | Reached XP level 5. HP: 45/46 MP: 6/6
  2128 | D:4      | Reached skill level 6 in Axes
  2264 | D:4      | Identified the +1 robe "Jemur" {rElec Stlth+}
  2502 | D:4      | Noticed an ogre
  2513 | D:4      | Killed an ogre
  2514 | D:4      | Reached skill level 7 in Axes
  2514 | D:4      | Reached XP level 6. HP: 15/53 MP: 7/7
  2788 | D:4      | Found a hide-covered altar of Uskayaw.
  3163 | D:5      | Entered Level 5 of the Dungeon
  3313 | D:5      | Reached skill level 5 in Fighting
  3315 | D:5      | Found a glowing drain.
  3324 | Sewer    | Entered a sewer
  3587 | Sewer    | Reached XP level 7. HP: 60/61 MP: 8/8
  3625 | Sewer    | Reached skill level 8 in Axes
  3904 | D:5      | Found a shimmering altar of Xom.
  4147 | D:5      | Reached skill level 9 in Axes
  4555 | D:6      | Reached XP level 8. HP: 49/70 MP: 9/9
  4561 | D:6      | Reached skill level 10 in Axes
  5053 | D:6      | HP: 3/71 [poisoned by a water moccasin]
  5612 | D:6      | Reached skill level 11 in Axes
  5804 | D:6      | Identified a scroll of acquirement
  5804 | D:6      | Acquired 671 gold pieces
  5831 | D:7      | Became a worshipper of Beogh the Brigand
  5831 | D:7      | Reached * piety under Beogh
  5831 | D:7      | Reached ** piety under Beogh
  5840 | D:7      | Lost mutation: You are agile. (Dex +4, Str/Int -1) [potion
                  | of mutation]
  5840 | D:7      | Lost mutation: Potions are less effective at restoring your
                  | health. [potion of mutation]
  5840 | D:7      | Gained mutation: You expend magic power (3 MP) to
                  | strengthen your wands. [potion of mutation]
  5840 | D:7      | Gained mutation: You passively map a small area around you.
                  | [potion of mutation]
  5893 | D:7      | Reached skill level 5 in Armour
  5893 | D:7      | Reached skill level 1 in Stealth
  5913 | D:7      | Reached XP level 9. HP: 71/79 MP: 10/10
  6413 | D:7      | Noticed Menkaure
  6420 | D:7      | Killed Menkaure
  6421 | D:7      | Reached skill level 12 in Axes
  6572 | D:7      | Found a runed translucent door.
  6573 | D:7      | Noticed Crazy Yiuf
  6580 | D:7      | Killed Crazy Yiuf
  6731 | D:7      | Found a staircase to the Ecumenical Temple.
  6753 | D:7      | Found an iron altar of Okawaru.
  6936 | Temple   | Entered the Ecumenical Temple
  7263 | D:7      | Noticed a hornet
  7267 | D:7      | Killed a hornet
  7275 | D:7      | Reached skill level 1 in Invocations
  7522 | D:8      | Reached XP level 10. HP: 59/88 MP: 11/13
  7688 | D:8      | Reached skill level 13 in Axes
  8061 | D:8      | Noticed a two-headed ogre
  8068 | D:8      | Killed a two-headed ogre
  8169 | D:8      | Identified the +6 scale mail of Failure {rElec}
  8184 | D:8      | Found Xouppuem's Armour Shoppe.
  8830 | D:9      | Found an opulent altar of Gozag.
  8943 | D:9      | Found a hazy altar of Hepliaklqana.
  8946 | D:9      | Found an ancient bone altar of Kikubaaqudgha.
  8955 | D:9      | Found a basalt altar of Yredelemnul.
  9001 | D:9      | Found a staircase to the Orcish Mines.
  9132 | D:9      | Found a blossoming altar of Fedhas.
  9145 | Orc:1    | Entered Level 1 of the Orcish Mines
  9158 | Orc:1    | Noticed an orc knight
  9167 | Orc:1    | Reached skill level 14 in Axes
  9179 | Orc:1    | Killed an orc knight
  9180 | Orc:1    | Reached XP level 11. HP: 32/97 MP: 17/17
  9236 | Orc:1    | Reached *** piety under Beogh
  9383 | Orc:1    | Noticed an orc sorcerer
  9637 | Orc:1    | Killed an orc sorcerer
 10016 | Orc:2    | Entered Level 2 of the Orcish Mines
 10016 | Orc:2    | Noticed Jorgrun
 10021 | Orc:2    | Noticed Erolcha
 10032 | Orc:2    | Killed Jorgrun
 10033 | Orc:2    | Reached skill level 10 in Armour
 10035 | Orc:2    | Killed Erolcha
 10038 | Orc:2    | Found a staircase to the Elven Halls.
 10044 | Orc:2    | Reached skill level 10 in Fighting
 10049 | Orc:2    | Noticed Saint Roka
 10050 | Orc:2    | HP: 3/99 [Saint Roka/divine providence (9)]
 10051 | Orc:2    | Shot with a bolt by Saint Roka

Illustrated notes

Levels and vault maps discovered:
D:1:      lemuel_arrival_rhombus, layout_loops_ring, minmay_vboxes
D:2:      minmay_alternating_diamond, layout_basic,
          dreamdust_ecumenical_altar_hidden_monk_grotto
D:3:      layout_basic, corexii_item_surrounded_by_moat,
          hangedman_decor_riveting
D:4:      layout_loops_ring, mainiacjoe_overflow_six_doors_small, serial_forest,
          infiniplex_forest_side_room, infiniplex_forest_clump_diagonal,
          infiniplex_forest_lined_2, infiniplex_forest_straight_4,
          infiniplex_forest_straight_4, infiniplex_forest_clump_medium,
          infiniplex_forest_clump_diagonal
D:5:      layout_loops_corners, mainiacjoe_sewer_entry_somewhere_in_here_1,
          grunt_ministairs_1, kennysheep_diamond
D:6:      layout_loops_cross
D:7:      layout_basic, okawaru_humans, minmay_temple_entry_statues,
          uniq_menkaure, uniq_crazy_yiuf_cottage
D:8:      layout_cave_pods, serial_shops, nicolae_shop_tiny_waterfront,
          nicolae_zig_zag_zippers
D:9:      wad_cavern_with_rooms, layout_rooms, grunt_temple_overflow_cloverleaf,
          nicolae_overflow_hidden_temple, erik_lair_dragon,
          minmay_orc_entry_guard_dogs, nicolae_elevator_lobby_plus
Temple:   zaba_magenta_temple
Orc:1:    layout_diamond_mine
Orc:2:    st_orc_elflike, layout_caves, nicolae_orc_crystal_geode, uniq_erolcha,
          uniq_saint_roka, uniq_jorgrun

Skill      XL: |  1  2  3  4  5  6  7  8  9 10 11 |
---------------+----------------------------------+-----
Fighting       | 4 5 6 7 8 9 10 | 10.0
Axes           | 5 7 9 11 12 14 | 14.9
Armour         | 1 2 3 5 7 9 10 | 10.4
Stealth        | 1 2 |  2.5
Dodging        | 3 4 |  4.4
Invocations    | 1 4 |  4.4

Action                     |  1- 3 |  4- 6 |  7- 9 | 10-12 || total
---------------------------+-------+-------+-------+-------++-------
  Melee: Hand axe          |    74 |   243 |   182 |   149 ||   648
 Invoke: Convert to Beogh  |       |       |     1 |       ||     1
         Smiting           |       |       |     5 |     5 ||    10
    Use: Potion            |     8 |     3 |     6 |     8 ||    25
         Scroll            |     5 |       |     8 |       ||    13
   Stab: Distracted        |       |       |       |     1 ||     1
 Armour: Ring mail         |    54 |       |       |       ||    54
         Robe              |     3 |       |    19 |       ||    22
         Plate armour      |    25 |   157 |   182 |    43 ||   407
         Skin              |     1 |       |       |       ||     1
         Scale mail        |       |       |       |   146 ||   146
  Dodge: Dodged            |    53 |    48 |    60 |   106 ||   267
